 Zot Defence DCSS version 0.15.2 (webtiles) character file.

134 Lyxiris the Skirmisher (level 5, 0/1 (34) HPs)
             Began as a Gargoyle Fighter on Sept 23, 2017.
             Rotted away (a bat)
             ... in the Realm of Zot (Scenario I: Hall of Zot).
             The game lasted 00:02:38 (429 turns).

Lyxiris the Skirmisher (Gargoyle Fighter)            Turns: 429, Time: 00:02:38

HP   0/1 (34)    AC 11     Str 20      XL: 5   Next: 17%
MP   5/5         EV  6     Int  9      God:
Gold 0           SH  9     Dex  9      Spells:  0 memorised,  4 levels left

rFire  . . .     SeeInvis .     a - +0 flail
rCold  . . .     Clarity  .     b - +0 scale mail
rNeg   + . .     rCorr    .     c - +0 shield
rPois  +         rRot     +     (no helmet)
rElec  +         Spirit   .     (no cloak)
SustAb .         Warding  .     (no gloves)
rMut   .         Stasis   .     (no boots)
Gourm  .                        (no amulet)
MR     .....                    (no ring)
                                (no ring)

@: not resistant to hostile enchantments, extremely unstealthy
A: negative energy resistance 1, electricity resistance, unbreathing,
petrification resistance, rot immunity, AC +4
a: Make oklob sapling, Make arrow trap, Make plant, Remove Curse, Make burning
bush


You were in the Realm of Zot.
You were not hungry.

You visited 1 branch

Inventory:

Hand weapons
 a - a +0 flail (weapon)
Armour
 b - a +0 scale mail (worn)
 c - a +0 shield (worn)
Comestibles
 f - a bread ration
Scrolls
 k - a scroll of blinking
Potions
 d - 3 potions of curing
 e - a potion of might
 g - a potion of heal wounds
 h - a potion of haste
 i - 2 potions of magic
 j - a potion of berserk rage


   Skills:
 + Level 4.3 Fighting
 + Level 2.9 Maces & Flails
 + Level 3.9 Armour
 + Level 0.8 Dodging
 + Level 4.1 Shields


You had 4 spell levels left.
You didn't know any spells.

Dungeon Overview and Level Annotations

Branches:
    Zot (1/1)

Altars:


Innate Abilities, Weirdness & Mutations

You are resistant to torment.
You are immune to poison.
Your stone body is very resilient (AC +4).
You resist negative energy.
You are resistant to electric shocks.
You can survive without breathing.
You are immune to petrification.
You are immune to rotting.


Message History

You block the bat's attack.
Your flesh rots away as the Orb of Zot is desecrated. x2
A giant cockroach comes into view.
You miss the bat.
Your flesh rots away as the Orb of Zot is desecrated.
You block the bat's attack. The bat hits you.
Your flesh rots away as the Orb of Zot is desecrated.
A goblin comes into view. It is wielding a dagger.
You closely miss the bat.
Your flesh rots away as the Orb of Zot is desecrated. x5
Hosir the hound comes into view.
You sock the bat!
You kill the bat!
Your flesh rots away as the Orb of Zot is desecrated. x3
The giant cockroach barely misses you.
Your flesh rots away as the Orb of Zot is desecrated.
You closely miss the bat.
Your flesh rots away as the Orb of Zot is desecrated. x3
Ouch! That really hurt!
You die...

▓▓▓▓▓▓▓ ▓▓▓▓▓▓▓▓▓ ...▓▓▓▓
▓▓▓▓..... ......▓▓▓ ▓▓▓........
........▓▓ ▓▓..........
.........▓ ▓▓▓▓▓▓▓▓▓ ▓...........
.........▓▓▓.......▓▓▓...........
.........▓▓.........▓▓...........
.........▓...........▓...........
...............b@s..gh...........
.........▓...........▓...........
.........▓▓.........▓▓...........
.........▓▓▓.......▓▓▓...........
.........# ▓▓▓▓▓▓▓▓▓ #...........
........## ##.......... ......###
###........ ...#### ####.....
######## ##########


You could see Hosir the hound, a giant cockroach, a goblin and a bat.

Vanquished Creatures
  An orc wizard (Zot)
  A gnoll (Zot)
  A worm (Zot)
  3 oozes (Zot)
  5 goblins (Zot)
  A ball python (Zot)
  4 bats (Zot)
  3 giant newts (Zot)
  3 kobolds (Zot)
  A rat (Zot)
23 creatures vanquished.

Notes
Turn   | Place    | Note
--------------------------------------------------------------
     0 | Zot      | Lyxiris, the Gargoyle Fighter, began the quest for the Orb.
     0 | Zot      | Reached XP level 1. HP: 14/14 MP: 1/1
   222 | Zot      | Reached XP level 2. HP: 19/19 MP: 2/2
   273 | Zot      | Reached XP level 3. HP: 15/24 MP: 3/3
   290 | Zot      | Reached skill level 4 in Fighting
   300 | Zot      | Reached XP level 4. HP: 21/29 MP: 4/4
   351 | Zot      | Reached XP level 5. HP: 27/34 MP: 5/5
   429 | Zot      | Rotted away (a bat)

Action                   |  1- 3 |  4- 6 || total
-------------------------+-------+-------++-------
Melee: Flail             |    75 |    56 ||   131
